AoeStats
← 狗药

Black Forest

503598408Analyzed
4v4 RM · 1mo ago on Sep 1, 2026· 46m 44s· 8 players
Game mode
Random Map
Map size
Large (8 player)
Population
200
Speed
Normal
Resources
Standard
Victory
Conquest
Starting age
Dark Age
Ending age
Imperial Age
RankedLock teamsTeams togetherTeam positionsShared explorationLock speedFull tech treeHidden civsTurbo modeCheats
Victory
Defeat
🇹🇷 Portuguese · Türkiye
1077
+14
🇩🇪 Teutons · Germany
1072
+14
🇺🇸 Goths · United States
1046
+15
🇺🇸 Persians · United States
999
+18
🇻🇳 Franks · Vietnam
1045
-16
🇹🇼 Hindustanis · Taiwan
1039
-16
🇨🇳 Burgundians · China
1034
-15
🇨🇳 Khmer · China
1017
-15
110
0:33 Loom
12:47 Feudal Age
12:52 Double-Bit Axe
19:04 Castle Age
17:50 Forging
17:32 Horse Collar
18:15 Heavy Plow
18:31 Scale Barding Armor
18:43 Bow Saw
19:12 Town Watch
19:55 Husbandry
20:32 Chain Barding Armor
20:22 Squires
21:11 Gold Mining
22:05 Stone Mining
26:41 Wheelbarrow
30:27 Imperial Age
28:31 Fletching
28:41 Padded Archer Armor
28:40 Murder Holes
28:19 Pikeman
28:46 Arson
29:38 Bodkin Arrow
31:05 Leather Archer Armor
32:26 Chemistry
30:53 Light Cavalry
32:18 Conscription
31:28 Halberdier
34:32 Bracer
36:00 Scale Mail Armor
38:53 Hussar
42:58 Elite Skirmisher
44:13 Chain Mail Armor
44:34 Iron Casting
43:51 Flemish Revolution
45:59 Plate Mail Armor
LeeFvn
4:38 Loom
11:34 Feudal Age
18:21 Castle Age
17:08 Double-Bit Axe
17:05 Horse Collar
22:47 Heavy Plow
25:15 Wheelbarrow
24:50 Gold Mining
26:57 Stone Mining
28:27 Hand Cart
29:06 Fortified Wall
29:17 Ballistics
31:03 Bow Saw
31:46 Bloodlines
31:37 Husbandry
32:42 Gold Shaft Mining
32:51 Stone Shaft Mining
33:38 Murder Holes
36:17 Imperial Age
34:56 Tusk Swords
36:30 Masonry
36:28 Elite Ballista Elephant
37:30 Conscription
37:12 Double Crossbow
37:02 Onager
38:54 Crop Rotation
38:33 Elite Battle Elephant
Wick
killer no name
10:50 Feudal Age
17:14 Castle Age
15:41 Double-Bit Axe
16:40 Gold Mining
17:19 Stone Mining
27:56 Wheelbarrow
28:33 Forging
28:26 Scale Mail Armor
28:32 Scale Barding Armor
33:07 Imperial Age
31:18 Husbandry
32:20 Hand Cart
32:26 Hand Cart
32:50 Bow Saw
Vanderhooooov
0:31 Loom
12:19 Feudal Age
13:23 Double-Bit Axe
20:17 Castle Age
18:36 Scale Mail Armor
19:16 Fletching
22:33 Chain Mail Armor
22:28 Forging
22:14 Bodkin Arrow
21:57 Pikeman
23:40 Bow Saw
24:45 Horse Collar
25:45 Fishing Lines
26:42 Horse Collar
30:49 Heavy Plow
34:10 Imperial Age
33:38 Iron Casting
34:05 Wheelbarrow
34:37 Anarchy
34:53 Squires
38:16 Halberdier
42:25 Onager
45:59 Perfusion
46:20 Conscription
Tomminger
1:36 Loom
11:05 Feudal Age
11:56 Double-Bit Axe
11:53 Horse Collar
16:38 Town Watch
19:19 Castle Age
18:16 Stone Mining
18:19 Gold Mining
19:00 Forging
18:59 Scale Barding Armor
18:28 Man-at-Arms
18:54 Arson
19:17 Scale Mail Armor
20:02 Long Swordsman
20:28 Gambesons
20:44 Squires
22:09 Stone Shaft Mining
22:21 Bow Saw
27:14 Fletching
28:00 Iron Casting
27:43 Chain Mail Armor
32:22 Imperial Age
32:10 Bodkin Arrow
33:29 Conscription
32:59 Capped Ram
33:03 Two-Handed Swordsman
35:29 Ballistics
34:33 Champion
36:26 Blast Furnace
37:12 Wheelbarrow
39:26 Hand Cart
39:47 Plate Mail Armor
狗药
10:14 Feudal Age
10:59 Double-Bit Axe
13:56 Castle Age
11:50 Horse Collar
15:01 Bow Saw
22:21 Wheelbarrow
22:03 Gold Mining
27:43 Imperial Age
25:57 Hand Cart
26:29 Gold Shaft Mining
26:16 Scale Barding Armor
26:33 Loom
26:35 Town Watch
27:13 Chain Barding Armor
27:06 Forging
27:05 Heavy Plow
27:27 Cavalier
28:07 Husbandry
28:18 Bloodlines
28:32 Conscription
29:32 Two-Man Saw
29:14 Plate Barding Armor
29:15 Iron Casting
29:05 Savar
30:08 Padded Archer Armor
31:40 Chemistry
31:23 Guilds
32:26 Blast Furnace
34:34 Leather Archer Armor
34:10 Fletching
34:51 Caravan
35:22 Coinage
36:06 Crop Rotation
35:38 Town Patrol
36:10 Ring Archer Armor
35:41 Scale Mail Armor
35:37 Bodkin Arrow
36:07 Ballistics
35:43 Murder Holes
35:58 Masonry
35:32 Elite War Elephant
37:11 Stone Mining
37:40 Chain Mail Armor
36:48 Pikeman
37:28 Squires
37:13 Arson
38:02 Citadels
38:29 Hoardings
ChuckMawHinneyS
7:32 Loom
10:31 Feudal Age
17:15 Castle Age
15:59 Horse Collar
16:13 Double-Bit Axe
18:11 Bow Saw
19:34 Wheelbarrow
19:20 Heavy Plow
21:41 Fishing Lines
23:03 Stone Mining
27:43 Imperial Age
25:44 Town Watch
26:52 Hand Cart
26:54 Gold Mining
26:55 Stone Mining
27:01 Stone Mining
28:39 Forging
28:29 Scale Mail Armor
27:54 Man-at-Arms
28:23 Gambesons
30:00 Two-Man Saw
30:03 Stone Shaft Mining
30:08 Long Swordsman
31:26 Iron Casting
31:06 Chain Mail Armor
31:14 Chain Mail Armor
30:44 Two-Handed Swordsman
31:10 Arson
33:13 Blast Furnace
31:47 Champion
33:39 Plate Mail Armor
33:37 Ballistics
34:19 Chemistry
33:10 Guard Tower
33:20 Pikeman
35:01 Town Patrol
35:55 Masonry
35:26 Treadmill Crane
36:17 Bombard Tower
36:07 Fletching
36:17 Padded Archer Armor
36:58 Conscription
36:48 Elite Skirmisher
37:28 Bodkin Arrow
37:49 Leather Archer Armor
37:56 Leather Archer Armor
39:47 Architecture
39:56 Keep
40:45 Architecture
40:27 Fortified Wall
40:40 Bracer
41:10 Ring Archer Armor
41:17 Ring Archer Armor
42:56 Thumb Ring
43:36 Murder Holes
43:37 Heated Shot
45:33 Sappers
Connection lost

Rejoining the realm…

Still unreachable

The connection could not be restored.

Session expired

The server has moved on; the page needs a fresh start.